AoeStats
← Garoh

Arena

508461444Analyzed
1v1 RM · 10d ago on Sep 22, 2026· 48m 30s· 2 players
Game mode
Random Map
Map size
Tiny (2 player)
Population
200
Speed
Normal
Resources
Standard
Victory
Conquest
Starting age
Dark Age
Ending age
Imperial Age
RankedLock teamsTeams togetherTeam positionsShared explorationLock speedFull tech treeHidden civsTurbo modeCheats
Victory
Defeat
🇨🇳 Persians · China
1279
+15
🇩🇪 Italians · Germany
1249
-15
Garoh
10:55 Feudal Age
15:15 Castle Age
13:44 Double-Bit Axe
13:41 Horse Collar
14:34 Gold Mining
19:21 Pikeman
20:02 Scale Mail Armor
22:20 Squires
22:37 Chain Mail Armor
26:16 Heavy Plow
29:26 Wheelbarrow
28:23 Man-at-Arms
30:04 Sanctity
32:58 Imperial Age
30:42 Stone Mining
31:26 Hand Cart
30:58 Loom
32:10 Bow Saw
32:04 Treadmill Crane
32:34 Masonry
32:27 Fletching
32:37 Padded Archer Armor
34:48 Chemistry
34:08 Ballistics
34:19 Architecture
33:45 Bodkin Arrow
35:23 Conscription
35:12 Herbal Medicine
35:51 Block Printing
39:00 Murder Holes
40:22 Illumination
40:33 Theocracy
40:38 Plate Mail Armor
40:09 Bracer
40:19 Forging
40:27 Fortified Wall
42:29 Fervor
43:15 Leather Archer Armor
43:36 Iron Casting
47:41 Ring Archer Armor
48:11 Blast Furnace
48:26 Two-Man Saw
小雷同志
10:56 Feudal Age
11:29 Double-Bit Axe
14:24 Castle Age
12:46 Horse Collar
15:41 Bow Saw
21:04 Loom
21:55 Wheelbarrow
21:22 Heavy Plow
25:11 Husbandry
25:22 Bloodlines
26:01 Scale Barding Armor
28:25 Hand Cart
33:55 Imperial Age
32:52 Chain Barding Armor
32:44 Forging
34:35 Iron Casting
35:05 Gold Mining
35:36 Cavalier
37:46 Plate Barding Armor
38:12 Blast Furnace
37:55 Conscription
37:10 Savar
39:46 Stone Mining
40:35 Gold Shaft Mining
41:35 Crop Rotation
42:59 Stone Shaft Mining
43:11 Capped Ram
44:30 Light Cavalry
47:31 Masonry
48:23 Chemistry
48:17 Siege Ram
Connection lost

Rejoining the realm…

Still unreachable

The connection could not be restored.

Session expired

The server has moved on; the page needs a fresh start.